Unix NetHack Version 5.0.0-0 post-release - last build Jun 10 2026 00:39:30 (3ee93aec679c4c4259841fe613dc97188e26a321,branch:main).

Game began 2026-06-18 21:48:05, ended 2026-06-18 22:23:10.

Felix1, neutral male gnomish Wizard

                                                           ------------
                       ------       ##%###################%...)...<...|
                       .o.@:.##################            |..........|
                       |.Z.%|#                             |..........|
                       |....|                             #-..........|
                       |....|                              |..........|
                       ------                              ------------

Felix1 the Thaumaturge    St:10 Dx:13 Co:18 In:16 Wi:9 Ch:10  Neutral
Dlvl:8  $:112 HP:0(60) Pw:29(62) AC:9  Xp:7 T:3814  Burdened

Latest messages:
 The guardian naga hatchling bites!
 The crocodile bites!
 The crocodile hits!
 You miss the crocodile.
 The guardian naga hatchling bites!
 The crocodile bites!
 The crocodile hits!
 Are you sure you want to pray? [yn] (n) y
 You begin praying to Thoth.
 You are surrounded by a shimmering light.
 The guardian naga hatchling starts to attack you, but pulls back.
 The crocodile starts to attack you, but pulls back.
 The guardian naga hatchling starts to attack you, but pulls back.
 The crocodile starts to attack you, but pulls back.
 The guardian naga hatchling starts to attack you, but pulls back.
 The crocodile starts to attack you, but pulls back.
 You finish your prayer.
 You feel that Thoth is well-pleased.
 You feel much better.
 The guardian naga hatchling bites!
 The crocodile bites!
 The crocodile hits!
 In what direction? 4
 The spell hits the Uruk-hai!
 The Uruk-hai reads a scroll of create monster!
 A ghoul suddenly appears close by!
 The guardian naga hatchling bites!
 In what direction? 3
 The spell misses the guardian naga hatchling.
 The crocodile bites!
 The crocodile hits!
 In what direction? 3
 The spell hits the guardian naga hatchling!
 You kill the guardian naga hatchling!
 The crocodile bites!
 The crocodile hits!
 The ghoul hits!
 You are frozen by the ghoul!
 The ghoul hits again!
 The crocodile bites!
 The crocodile hits!
 The ghoul hits!
 The ghoul hits again!
 The crocodile bites!
 The crocodile hits!
 The ghoul hits!
 The ghoul hits again!
 The crocodile bites!
 You die...
 Do you want your possessions identified? [ynq] (y) q

Inventory:
 Coins    ('$')
  $ - 112 gold pieces
 Weapons  (')')
  s - 8 cursed +0 arrows
  L - a +0 dagger
  a - a blessed +1 quarterstaff (weapon in hands)
 Armor    ('[')
  b - an uncursed +0 cloak of magic resistance (being worn)
 Comestibles  ('%')
  p - 7 uncursed food rations
  I - a cursed rotten tin of green mold
 Scrolls  ('?')
  n - 2 blessed scrolls of create monster
  j - an uncursed scroll of create monster
  D - 2 uncursed scrolls of identify
  h - 2 uncursed scrolls of light
  w - 2 uncursed scrolls of magic mapping
  S - an uncursed scroll of remove curse
  i - an uncursed scroll of scare monster
  H - an uncursed scroll of scare monster
  O - a blessed scroll of teleportation
 Spellbooks  ('+')
  E - an uncursed spellbook of detect food
  l - an uncursed spellbook of detect unseen
  y - a blessed spellbook of extra healing
  k - a blessed spellbook of force bolt
  z - an uncursed spellbook of remove curse
 Potions  ('!')
  f - an uncursed potion of booze
  g - 2 uncursed potions of confusion
  G - 2 uncursed potions of gain energy
  q - an uncursed potion of object detection
  F - 2 uncursed potions of speed
 Rings    ('=')
  e - an uncursed ring of free action
  M - an uncursed +3 ring of increase damage
  d - an uncursed ring of searching
  K - an uncursed ring of stealth
 Wands    ('/')
  r - a wand of cold (0:7)
  A - a wand of digging (0:7)
  N - a wand of magic missile (0:7)
  c - a wand of sleep (0:4)
 Tools    ('(')
  x - an uncursed bag of holding containing 1 item
  J - an empty uncursed bag of holding
  m - a magic marker (0:19)
  u - a cursed skeleton key
 Gems/Stones  ('*')
  v - 2 cursed worthless pieces of black glass
  R - an uncursed worthless piece of blue glass
  C - an uncursed worthless piece of violet glass
  Q - an uncursed luckstone

Contents of the bag of holding:
  an uncursed scroll of blank paper

Felix1 the Wizard's attributes:

Background:
 You were a Thaumaturge, a level 7 male gnomish Wizard.
 You were neutral, on a mission for Thoth
 who was opposed by Ptah (lawful) and Anhur (chaotic).
 You were right-handed.
 You were in the Dungeons of Doom, on level 8.
 You entered the dungeon 3814 turns ago.
 It was nighttime.
 You had 938 experience points, 342 more were needed to attain level 8.

Basics:
 You had 0 out of 60 hit points.
 You had 29 out of 62 energy points (spell power).
 Your armor class was 9.
 Your wallet contained 112 zorkmids.
 Autopickup was off.

Final Characteristics:
 Your strength was 10 (limit:18/50).
 Your dexterity was 13 (limit:18).
 Your constitution was 18 (limit:18).
 Your intelligence was 16 (limit:19).
 Your wisdom was 9 (limit:18).
 Your charisma was 10 (limit:18).

Final Status:
 You weren't hungry.
 You were burdened; movement was slightly slowed.
 You were wielding a quarterstaff.
 You were skilled in quarterstaff.

Final Attributes:
 You were piously aligned.
 You were magic-protected.
 You were poison resistant.
 You had infravision.
 You were warded.
 You had extra luck.
 Bad luck did not time out for you.
 Good luck did not time out for you.
 You are dead.

Miscellaneous:
 You didn't encounter any bones levels.
 Total elapsed playing time was 35 minutes and 4 seconds.

Major events:
 Turn
    1: Felix1 the neutral male gnomish Wizard entered the dungeon
 1034: attained the rank of Conjurer (level 3)
 1119: entered the Gnomish Mines
 2803: attained the rank of Thaumaturge (level 6)
 3814: killed by a crocodile, while paralyzed by a ghoul

Spells:
 Name                 Level Category     Fail Retention
 force bolt             1   attack         0%   81%-90%
 detect unseen          3   divination    87%  76%-100%
 extra healing          3   healing       87%  76%-100%
 remove curse           3   clerical      87%  76%-100%

Skills:
 Fighting Skills
   bare handed combat [Unskilled]
   riding             [Unskilled]
 Weapon Skills
   dagger             [Unskilled]
   knife              [Unskilled]
   axe                [Unskilled]
   short sword        [Unskilled]
   club               [Unskilled]
   mace               [Unskilled]
   quarterstaff       [Skilled]
   polearms           [Unskilled]
   spear              [Unskilled]
   trident            [Unskilled]
   sling              [Unskilled]
   dart               [Unskilled]
   shuriken           [Unskilled]
 Spellcasting Skills
   attack spells      [Basic]
   healing spells     [Unskilled]
   divination spells  [Unskilled]
   enchantment spells [Basic]
   clerical spells    [Unskilled]
   escape spells      [Unskilled]
   matter spells      [Unskilled]

Voluntary challenges:
 Character rerolling was not enabled.
 You never genocided any monsters.
 You never polymorphed an object.
 You never changed form.
 You used no wishes.
Achievements:
 You entered a shop.
 You attained the rank of Conjurer.
 You entered the Gnomish Mines.
 You attained the rank of Thaumaturge.

 The Dungeons of Doom: levels 1 to 8
    Level 1:
       A fountain.
    Level 2:
       An armor shop.
    Level 3:
       Stairs down to The Gnomish Mines.
    Level 4:
    Level 5:
       A grave.
    Level 6:
       A fountain.
    Level 7:
       Some fountains, a sink.
    Level 8: <- You were here.
       Final resting place for
          you, killed by a crocodile, while paralyzed by a ghoul.
 The Gnomish Mines:
    Level 4:


Vanquished creatures:
  a ghost
  a giant beetle
  4 chickatrices
  a human zombie
 an imp
  a mountain nymph
  a pony
  a fog cloud
  a guardian naga hatchling
  2 giant ants
  a dwarf
  a homunculus
 an orc zombie
 an iguana
  4 coyotes
  2 hobbits
  3 hobgoblins
  4 cave spiders
  2 green molds
  3 geckos
  2 jackals
  2 foxes
  a kobold
  2 grid bugs
  2 bats
  6 lichens
  3 kobold zombies
  8 newts
62 creatures vanquished.

No species were genocided or became extinct.

Game over:
                       ----------
                      /          \
                     /    REST    \
                    /      IN      \
                   /     PEACE      \
                  /                  \
                  |      Felix1      |
                  |      112 Au      |
                  |   killed by a    |
                  |    crocodile     |
                  |                  |
                  |                  |
                  |       2026       |
                 *|     *  *  *      | *
        _________)/\\_//(\/(/\)/\//\/|_)_______

Goodbye Felix1 the Wizard...

You died in The Dungeons of Doom on dungeon level 8 with 4203 points,
and 112 pieces of gold, after 3814 moves.
You were level 7 with a maximum of 60 hit points when you died.

